 Dungeon Crawl Stone Soup version 0.18-a0-1-gfac8111 (webtiles) character file.

290 kae the Poker (level 6, -10/56 HPs)
             Began as a Naga Fighter on Oct 30, 2015.
             Mangled by a mummy (15 damage)
             ... in an ossuary.
             The game lasted 00:04:02 (2730 turns).

kae the Poker (Naga Fighter)                        Turns: 2730, Time: 00:04:02

Health: -10/56     AC:  9    Str: 18    XL:     6   Next: 32%
Magic:  6/6        EV:  5    Int:  9    God:
Gold:   116        SH:  8    Dex: 12    Spells: 0 memorised, 5 levels left

rFire  . . .     SeeInvis +     a - +0 trident
rCold  . . .     Clarity  .     b - +0 scale mail
rNeg   . . .     SustAt   .     c - +0 shield
rPois  +         Gourm    .     v - +0 helmet
rElec  .         Spirit   .     f - +2 cloak
rCorr  .         Warding  .     (no gloves)
rMut   .         Stasis   .     (no barding)
MR     .....                    (no amulet)
Stlth  ..........               (no ring)
                                (no ring)

@: very slightly contaminated, very slow, not resistant to hostile enchantments,
extremely unstealthy
A: see invisible, deformed body, poison resistance, slowness 2, slow metabolism
1, spit poison 2, AC +2
a: Spit Poison


You were in an ossuary.
You were very hungry.

You visited 1 branch of the dungeon, and saw 4 of its levels.
You also visited: Ossuary.

You collected 116 gold pieces.

Inventory:

Hand Weapons
 a - a +0 trident (weapon)
Missiles
 n - 2 throwing nets (quivered)
Armour
 b - a +0 scale mail (worn)
 c - a +0 shield (worn)
 f - a +2 cloak (worn)
 v - a +0 helmet (worn)
Jewellery
 q - an uncursed ring of poison resistance
Wands
 r - a wand of fireball (6)
Scrolls
 m - 3 scrolls of remove curse
Potions
 g - a potion of ambrosia
 o - a potion of brilliance
 p - a potion of cure mutation
Books
 k - a book of Transfigurations

   Spells                             Type                      Level
   a - Stoneskin                      Transmutation/Earth          2
   b - Irradiate                      Conjuration/Transmutation    5
   c - Statue Form                    Transmutation/Earth          6
   d - Hydra Form                     Transmutation                6
   e - Dragon Form                    Transmutation                7
Comestibles
 e - 2 bread rations
 i - 3 fruits
 t - a beef jerky
 u - 2 meat rations
 x - a royal jelly


   Skills:
 - Level 3.0 Fighting
 + Level 6.4 Polearms
 - Level 2.4 Armour
 - Level 2.4 Shields


You had 5 spell levels left.
You didn't know any spells.

Dungeon Overview and Level Annotations

Branches:
Dungeon (4/15)
 Temple: D:4-7

Altars:
Ru
Zin


Innate Abilities, Weirdness & Mutations

You cannot wear boots.
Your serpentine skin is tough (AC +2).
You have supernaturally acute eyesight.
Armour fits poorly on your strangely shaped body.
Your system is resistant to poisons.
You cover ground very slowly.
You have a slow metabolism.
You can spit poison.


Message History

You feel magically purged.
You flicker back into view.
You feel yourself slow down. The mummy hits you but does no damage.
The gnoll zombie hits you.
Drink which item? (? for menu, Esc to quit)
It was a potion of magic.
Magic courses through your body. The orc zombie barely misses you.
You block the gnoll zombie's attack. The mummy completely misses you.
You puncture the gnoll zombie!
The orc zombie hits you but does no damage.
The gnoll zombie hits you but does no damage.
The orc zombie hits you. You block the gnoll zombie's attack.
The mummy hits you.
* * * LOW HITPOINT WARNING * * *
The mummy hits you!
* * * LOW HITPOINT WARNING * * *
The gnoll zombie hits you but does no damage.
A mummy comes into view.
You block the orc zombie's attack. The mummy hits you!
You die...

..... ##..## .....
....M##....##.....
..................
................#
#..............#
+##...M....##+#
##.ZZM..##
##.M..## #@Z..#
#....# #....#
#....# #....#
#....# #....#
#.∩∩.# ######


You could see 4 mummies, 2 gnoll zombies and an orc zombie.

Vanquished Creatures
  The ghost of kae the Ruffian, an amateur DrTm (D:3)
  2 mummies (Ossuary)
  Robin (D:2)
  5 adders
  A worm (D:2)
  4 orcs (D:3)
  3 ball pythons
  2 giant cockroaches
  13 goblins
  8 hobgoblins
  2 quokkas
  9 bats
  5 giant geckos
  A giant gecko skeleton (D:3)
  3 giant newts
  A gnoll zombie (Ossuary)
  A goblin zombie (D:4)
  2 hobgoblin zombies (Ossuary)
  8 kobolds
  A kobold zombie (Ossuary)
  An orc zombie (Ossuary)
  6 rats
80 creatures vanquished.

Notes
Turn   | Place    | Note
--------------------------------------------------------------
     0 | D:1      | kae the Naga Fighter began the quest for the Orb.
     0 | D:1      | Reached XP level 1. HP: 21/21 MP: 1/1
   176 | D:1      | Reached XP level 2. HP: 26/28 MP: 2/2
   744 | D:2      | Reached XP level 3. HP: 34/34 MP: 3/3
  1140 | D:2      | Reached skill level 4 in Polearms
  1307 | D:2      | Reached XP level 4. HP: 42/42 MP: 4/4
  1418 | D:2      | Noticed Robin
  1463 | D:2      | Killed Robin
  2209 | D:3      | Found a sacrificial altar of Ru.
  2228 | D:3      | Reached skill level 5 in Polearms
  2228 | D:3      | Reached XP level 5. HP: 43/49 MP: 5/5
  2296 | D:3      | Found a glowing silver altar of Zin.
  2307 | D:3      | Noticed kae's ghost (amateur DrTm)
  2317 | D:3      | Killed kae's ghost
  2317 | D:3      | Reached skill level 6 in Polearms
  2317 | D:3      | Reached XP level 6. HP: 53/56 MP: 6/6
  2627 | D:4      | Found a sand-covered staircase.
  2634 | Ossuary  | Entered an ossuary
  2730 | Ossuary  | Mangled by a mummy

Vault maps used:
D:1:      dpeg_arrival_pits, minmay_misc_feat_diagonals
D:2:      first_bread, uniq_robin
D:3:      lemuel_round_altar, nicolae_ru_awakened_eye
D:4:      enter_ossuary_3, uniq_menkaure
Ossuary:  ossuary_tomb_3

Action                   |  1- 3 |  4- 6 || total
-------------------------+-------+-------++-------
Melee: Trident           |   211 |   231 ||   442
 Abil: Spit Poison       |     2 |     2 ||     4
  Use: Scroll            |     4 |     6 ||    10
       Potion            |       |     9 ||     9
 Stab: Invisible         |       |     2 ||     2
  Eat: Chunk             |       |     5 ||     5
